 Dungeon Crawl Stone Soup version 0.19.5 (webtiles) character file.

473 Kisielow the Slasher (level 6, 0/55 HPs)
             Began as a Minotaur Fighter on May 11, 2017.
             Slain by an ogre
             ... wielding a +0 giant club
              (11 damage)
             ... on level 3 of the Dungeon.
             The game lasted 00:08:14 (3226 turns).

Kisielow the Slasher (Minotaur Fighter)             Turns: 3226, Time: 00:08:14

Health: 0/55       AC:  9    Str: 23    XL:     6   Next: 83%
Magic:  0/5        EV:  6    Int:  5    God:
Gold:   189        SH: 11    Dex:  9    Spells: 0 memorised, 5 levels left

rFire  . . .     SeeInvis .     a - +1 long sword
rCold  + . .     Gourm    .     m - +0 chain mail {rC+}
rNeg   . . .     Faith    .     c - +1 shield
rPois  .         Spirit   +     (helmet restricted)
rElec  .         Reflect  .     (no cloak)
rCorr  .         Harm     .     (no gloves)
MR     .....                    (no boots)
Stlth  ..........               r - amulet of guardian spirit
                                (no ring)
                                (no ring)

@: very slightly contaminated
A: retaliatory headbutt, horns 2
a: no special abilities


You were on level 3 of the Dungeon.
You were not hungry.

You visited 1 branch of the dungeon, and saw 4 of its levels.

You collected 189 gold pieces.

Inventory:

Hand Weapons
 a - a +1 long sword (weapon)
Armour
 c - a +1 shield (worn)
 m - a +0 chain mail of cold resistance (worn)
Jewellery
 p - an uncursed amulet of rage
 r - an amulet of guardian spirit (around neck)
 w - an uncursed amulet of harm
Wands
 e - a wand of polymorph (18/24)
 g - a wand of slowing (33/48)
 v - a wand of polymorph (9/24)
Scrolls
 h - 3 scrolls of remove curse
 j - a scroll of identify
 l - 3 scrolls of enchant armour
 o - a scroll of immolation
Potions
 d - a potion of might
 n - a potion of flight
 s - a potion of haste {unknown}
 z - 2 potions of brilliance
Comestibles
 f - 2 bread rations
 k - 2 meat rations


   Skills:
 + Level 4.8 Fighting
 * Level 7.0 Long Blades
 + Level 4.7 Armour
 + Level 4.8 Shields


You had 5 spell levels left.
You didn't know any spells.

Dungeon Overview and Level Annotations

Branches:
Dungeon (4/15)
 Temple: D:4-7

Altars:
The Shining One

Annotations:
D:4 Natasha


Innate Abilities, Weirdness & Mutations

You reflexively headbutt those who attack you in melee.
You have a pair of horns on your head.


Message History

You are too injured to fight recklessly!
You are too injured to fight recklessly!
You are too injured to fight recklessly!
You are too injured to fight recklessly!
You are too injured to fight recklessly!
Okay, then.
Natasha, Servant of Life and Death comes into view.
You fade into invisibility!
You block the ogre's attack.
You are very lightly contaminated with residual magic.
Natasha howls an incantation.
Natasha glows brightly for a moment.
You see here a +0 scale mail.
You flicker for a moment.
There is a stone staircase leading up here.
You climb upwards.
There is a stone staircase leading down here.
You flicker back into view.
The ogre hits you with a giant club!
You die...

#.#######.###'###### #.#
#.......#.#........#####.###
##########.#..................#
......#
#.##.................###
#####.#
#.##....................
#.####.###.#.#####.....(..###
#......# #...# ##########
###############..#
.............##.@########
############.##.>O......#
#.###..#####.##### #.# #..#
#.....# #.# #..#########.####
#.# #..........#...<# #.#
##.#######.#######
#.####.#.#............
#...)....#.###.#######


You could see an ogre.

Vanquished Creatures
  Duvessa (D:4)
  An ogre (D:4)
  Dowan (D:4)
  An orc priest (D:3)
  A bullfrog skeleton (D:4)
  2 worker ants (D:4)
  A hound skeleton (D:4)
  4 adders
  2 oozes
  3 worms
  3 dart slugs
  4 leopard geckos
  5 orcs (D:3)
  9 bats
  6 giant cockroaches
  4 goblins
  5 hobgoblins
  6 jackals (D:3)
  3 quokkas
  A ball python (D:3)
  2 frilled lizards
  2 kobolds
  7 rats
74 creatures vanquished.

Notes
Turn   | Place    | Note
-------+----------+-------------------------------------------
     0 | D:1      | Kisielow the Minotaur Fighter began the quest for the Orb.
     0 | D:1      | Reached XP level 1. HP: 19/19 MP: 0/0
   158 | D:1      | Reached skill level 3 in Long Blades
   230 | D:1      | Reached XP level 2. HP: 26/26 MP: 1/1
   449 | D:2      | Reached skill level 4 in Long Blades
   505 | D:2      | Found a faded altar of an unknown god.
   523 | D:2      | Reached XP level 3. HP: 27/31 MP: 2/2
   867 | D:2      | Reached skill level 5 in Long Blades
  1174 | D:2      | Found a glowing golden altar of the Shining One.
  1284 | D:2      | Reached XP level 4. HP: 37/39 MP: 3/3
  1969 | D:3      | Reached XP level 5. HP: 38/46 MP: 4/4
  2474 | D:4      | Noticed Dowan
  2483 | D:4      | Killed Dowan
  2483 | D:4      | Reached skill level 6 in Long Blades
  2575 | D:4      | Noticed Duvessa
  2588 | D:4      | HP: 1/46 [Duvessa/rapier (3)]
  2591 | D:4      | Killed Duvessa
  2591 | D:4      | Reached XP level 6. HP: 2/53 MP: 0/5
  3169 | D:4      | Reached skill level 7 in Long Blades
  3209 | D:4      | Noticed Natasha
  3226 | D:3      | Slain by an ogre

Skill      XL: |  1  2  3  4  5  6 |
---------------+-------------------+-----
Long Blades    | 3 4 5 6 7 |  7.0
Shields        | 4 |  4.8
Fighting       | 4 |  4.8
Armour         | 4 |  4.7

Action                   |  1- 3 |  4- 6 || total
-------------------------+-------+-------++-------
Melee: Long sword        |    89 |   139 ||   228
       Headbutt          |    12 |    31 ||    43
  Use: Scroll            |       |    12 ||    12
       Potion            |       |     4 ||     4
  Eat: Chunk             |     1 |     4 ||     5
       Bread ration      |       |     1 ||     1
Armor: Scale mail        |    35 |    40 ||    75
       Chain mail        |       |     4 ||     4
Dodge: Dodged            |    27 |    30 ||    57
Block: Shield            |    48 |    71 ||   119
       Rpst.: Long sword |     8 |     6 ||    14
